 Dungeon Crawl Stone Soup version 0.19-a0-1740-g0bcaf2e (webtiles) character file.

554927 epen the Phalangite (level 27, -5/219 HPs)
             Began as a Formicid Monk on Oct 1, 2016.
             Was the Champion of Okawaru.
             Splashed by an acid blob's acid (7 damage)
             ... created by the Royal Jelly
             ... on level 4 of the Pits of Slime.
             The game lasted 02:47:24 (57791 turns).

epen the Phalangite (Formicid Monk)                Turns: 57791, Time: 02:47:27

Health: -5/219     AC: 27    Str: 31    XL:     27
Magic:  33/33      EV: 17    Int: 14    God:    Okawaru [******]
Gold:   5013       SH: 30    Dex: 19    Spells: 0 memorised, 26 levels left

rFire  + + .     SeeInvis +     s - +9 bardiche (freeze)
rCold  + + .     Gourm    .     i - +11 gold dragon armour
rNeg   + . .     Faith    .     F - +6 large shield of Ignorance {rN+ AC+4 Int-6 *Curse} (curse)
rPois  +         Spirit   .     (helmet unavailable)
rElec  +         Dismiss  .     S - +2 cloak {MR+}
rCorr  +         Reflect  .     P - +1 pair of gloves "Ebock" {rCorr Int+5}
MR     ++++.     Harm     .     E - +0 pair of boots {Stlth+}
Stlth  ..........               p - amulet of regeneration
                                y - ring "Gyas" {+Fly rElec rF+ Int+2 Stlth+}
                                h - ring of Datoni {Wiz rC+ Dex+2}

@: mighty, finesse, corroded
A: permanent stasis, dig shafts and tunnels, four strong arms, antennae 3,
hooves 1, thin metallic scales 1, thin skeletal structure 1, agile 1, low mp 1,
magic resistance 1, screaming 1, subdued magic 1
a: Dig, Shaft Self, Heroism, Finesse, Renounce Religion, Evoke Flight
}: 2/15 runes: decaying, serpentine


You were on level 4 of the Pits of Slime.
You worshipped Okawaru.
Okawaru was exalted by your worship.
You were hungry.

You visited 9 branches of the dungeon, and saw 48 of its levels.
You visited 1 ziggurat, and saw 5 of its levels.
You also visited: Labyrinth, Sewer, Ice Cave and Volcano.

You collected 7185 gold pieces.
You spent 2172 gold pieces at shops.

Inventory:

Hand Weapons
 s - a +9 bardiche of freezing (weapon)
 z - the +8 trident of the Octopus King {venom, rElec rPois MR+}
   (You found it on level 2 of the Snake Pit)

   It poisons the flesh of those it strikes.
   It insulates you from electricity.
   It protects you from poison.
   It affects your resistance to hostile enchantments.
Missiles
 V - 2 throwing nets (quivered)
Armour
 i - a +11 gold dragon armour (worn)
 t - a +2 pearl dragon armour
 E - a +0 pair of boots of stealth (worn)
 F - the cursed +6 large shield of Ignorance (worn) {rN+ AC+4 Int-6 *Curse}
   (You acquired it on level 13 of the Dungeon)

   It affects your AC (+4).
   It affects your intelligence (-6).
   It protects you from negative energy.
   It may re-curse itself when equipped.
   It has a curse placed upon it.
 P - the +1 pair of gloves "Ebock" (worn) {rCorr Int+5}
   (Okawaru gifted it to you on level 4 of the Snake Pit)

   It affects your intelligence (+5).
   It protects you from acid and corrosion.
 S - a +2 cloak of magic resistance (worn)
 Y - the +4 shield of Weightlessness {rPois rN+}
   (Okawaru gifted it to you on level 3 of the Snake Pit)

   It protects you from poison.
   It protects you from negative energy.
Jewellery
 f - an uncursed ring of fire
 h - the ring of Datoni (left hand) {Wiz rC+ Dex+2}
   (You found it on level 6 of the Lair of Beasts)

   [ring of wizardry]

   It improves your spell success rate.
   It affects your dexterity (+2).
   It protects you from cold.
 l - an uncursed ring of positive energy
 p - an amulet of regeneration (around neck)
 u - an uncursed ring of protection from cold
 y - the ring "Gyas" (right hand) {+Fly rElec rF+ Int+2 Stlth+}
   (You bought it in a shop on level 3 of the Snake Pit)

   [ring of intelligence]

   It affects your intelligence (+2).
   It protects you from fire.
   It insulates you from electricity.
   It lets you fly.
   It makes you more stealthy.
Wands
 D - a wand of disintegration (7/24)
Scrolls
 e - 16 scrolls of amnesia
 j - a scroll of silence
 o - 33 scrolls of identify
 x - 18 scrolls of remove curse
 H - 8 scrolls of magic mapping
 J - 9 scrolls of recharging
 N - a scroll of holy word
 T - 8 scrolls of fog
 U - 5 scrolls of fear
Potions
 a - 8 potions of agility
 d - 18 potions of curing
 m - 4 potions of flight
 q - 4 potions of mutation
 v - 8 potions of brilliance
 w - 5 potions of cancellation
 A - 2 potions of cure mutation
 B - a potion of invisibility
 C - 2 potions of magic
 M - 4 potions of resistance
 O - 2 potions of ambrosia
 W - 4 potions of might
Miscellaneous
 b - 3 sacks of spiders
 r - a phial of floods
 Q - a lamp of fire
Comestibles
 c - 34 bread rations
 k - a slice of pizza
 n - 17 meat rations
 G - 7 beef jerkies
 K - 61 fruits


   Skills:
 + Level 18.5 Fighting
 * Level 22.4 Polearms
 - Level 9.8 Throwing
 + Level 18.6 Armour
 + Level 16.0 Dodging
 - Level 3.3 Stealth
 + Level 18.8 Shields
 + Level 20.5 Invocations
 - Level 10.3 Evocations


You had 26 spell levels left.
You didn't know any spells.

Dungeon Overview and Level Annotations

Branches:
Dungeon (15/15)            Temple (0/1) D:6            Lair (6/6) D:9
  Swamp (4/4) Lair:3        Snake (4/4) Lair:2        Slime (5/5) Lair:6
    Orc (2/2) D:10            Elf (3/3) Orc:2        Vaults (4/5) D:14
  Crypt (0/3) Vaults:2     Depths (5/5) D:15            Zot (0/5) Depths:5

Altars:
Ashenzari
Cheibriados
Gozag
Makhleb
Okawaru
Qazlal
Vehumet
Yredelemnul
Beogh
Jiyva

Shops:
D:10 *   D:14 *((?[   Orc:2 (?!(*   Elf:3 }   Snake:1 *   Snake:3 =}=
Snake:4 [!?   Vaults:3 *

Portals:
Hell: Depths:1 Depths:2 Depths:3 Depths:4 Depths:5
Abyss: Depths:4
Pandemonium: Depths:1 Depths:3

Annotations:
D:7 1 runed door
D:10 exclusions: obsidian statue and orange crystal statue
Elf:2 2 runed doors


Innate Abilities, Weirdness & Mutations

You are under a permanent stasis effect.
You can dig through walls and to a lower floor.
Your four strong arms can wield two-handed weapons with a shield.
You have a pair of large antennae on your head. (SInv)
You have large cloven feet.
You are partially covered in thin metallic scales. (AC +2)
You have a somewhat thin skeletal structure. (Dex +2, Stealth)
You are agile. (Dex +2)
Your magical capacity is low. (-10% MP)
You are resistant to hostile enchantments. (MR+)
You occasionally shout uncontrollably at your foes.
Your spells are a little easier to cast, but a little less powerful.


Message History

You block the acid blob's attack.
There is a stone staircase leading up, spattered with blood here.
The acid blob spits acid at you. The splash of acid hits you!
You are splashed with acid!
The acid burns!
You resist.
* * * LOW HITPOINT WARNING * * *
You open the acid blob like a pillowcase!!!
You freeze the acid blob!! The acid corrodes you!
Your hands burn!
* * * LOW HITPOINT WARNING * * *
The acid blob is almost dead.
The acid blob spits acid at you. The splash of acid hits you! You resist.
* * * LOW HITPOINT WARNING * * *
The acid corrodes you!
You are splashed with acid!
The acid burns!
You resist.
* * * LOW HITPOINT WARNING * * *
The acid blob spits acid at you. The splash of acid hits you! You resist.
* * * LOW HITPOINT WARNING * * *
The acid corrodes you!
You are splashed with acid!
The acid burns!
You resist.
You die...

##........
..##........# #.
...#........##...
...............#.#
..................
..................
........#.......<.
..................
.........@.......#
..#.......#....
.................
..................
.................#
......#........##


You could see 2 acid blobs.

Vanquished Creatures
  the Royal Jelly (Slime:5)
  Mara (Swamp:3)
  3 juggernauts
  Bai Suzhen (Swamp:3)
  Boris (Depths:5)
  the Lernaean hydra (Swamp:4)
  Saint Roka (Elf:3)
  6 caustic shrikes
  A Killer Klown (Zig:2)
  Nikola (Snake:1)
  4 golden dragons
  4 tentacled monstrosities
  Rupert (D:15)
  2 liches
  4 deep elf blademasters (Elf:3)
  Asterion (Elf:3)
  6 deep elf master archers (Elf:3)
  A titan (Depths:5)
  18 acid blobs
  3 sphinxes
  2 thorn hunters
  5 shadow dragons
  3 storm dragons
  13 azure jellies
  4 tengu reavers
  6 nagarajas (Snake:4)
  Aizul (Snake:3)
  An iron dragon (Depths:2)
  14 fire giants
  10 vault wardens
  2 deep elf sorcerers
  11 frost giants
  An iron dragon (shapeshifter) (Depths:2)
  6 deep elf elementalists (Elf:3)
  Louise (Snake:2)
  A draconian zealot (Depths:5)
  8 ironheart preservers
  3 spriggan defenders
  27 stone giants
  25 very ugly things
  A caustic shrike skeleton (Depths:4)
  A draconian caller (Depths:5)
  2 entropy weavers
  6 vampire knights
  2 black draconians
  The ghost of kae the Swashbuckler, a journeyman SpEn of Dithmenos (D:15)
  13 spark wasps
  5 deep elf annihilators
  A green draconian (Depths:5)
  Azrael (Snake:2)
  2 white draconians (Depths:5)
  A dire elephant (Lair:6)
  A red draconian (Zig:4)
  A purple draconian (Zig:4)
  3 yellow draconians
  10 ettins
  4 deep elf death magi (Elf:3)
  A crystal guardian (Vaults:3)
  Josephine (Orc:1)
  A minotaur (Lab)
  3 death oozes (Slime:4)
  2 jiangshi (Depths:1)
  A deep elf high priest (Elf:3)
  4 rakshasas
  15 great orbs of eyes
  7 vault guards
  10 yaktaur captains
  6 fire dragons
  19 hydras
  14 ice dragons
  3 death knights
  11 naga warriors
  A ghost crab (Swamp:1)
  14 anacondas
  A juggernaut simulacrum (Depths:4)
  6 centaur warriors
  2 catoblepae
  7 spriggan air magi
  7 death yaks
  Erica (D:8)
  14 deep troll shamans
  7 alligators
  A hell hog (Depths:1)
  4 spriggan berserkers
  11 tengu warriors
  14 deep troll earth magi
  15 ogre magi
  20 dancing weapons
  6 shock serpents (Snake:4)
  12 naga sharpshooters
  A vampire mage (Depths:1)
  3 orc high priests (Orc:2)
  Nergalle (Lair:1)
  A sun demon (Depths:3)
  2 soul eaters
  10 hell knights
  A fire crab (D:13)
  3 skeletal warriors (Vaults:2)
  8 deep elf knights
  A shadow wraith (Zig:1)
  6 salamander mystics (Snake:4)
  7 iron trolls
  A spriggan druid (Swamp:4)
  2 golden dragon zombies (Depths:4)
  5 unseen horrors
  29 deep trolls
  A storm dragon zombie (Depths:4)
  4 flayed ghosts
  8 swamp dragons
  2 sea snakes (Snake:2)
  4 phantasmal warriors
  2 sea snakes (shapeshifter)
  6 glowing orange brains
  2 shadow dragon zombies (Depths:4)
  12 naga ritualists
  6 lindwurms
  3 wizards
  A shambling mangrove (Swamp:3)
  13 deep elf archers
  13 necromancers
  8 hill giants
  51 deep elf magi
  13 ironbrand convokers
  17 orc knights
  19 mana vipers
  A wolf spider zombie (D:15)
  3 harpies (Vaults:4)
  A shining eye (shapeshifter) (D:15)
  4 tengu skeletons
  37 ugly things
  7 orc sorcerers
  A fire giant zombie (Vaults:4)
  2 shining eyes
  5 cyclopes
  A manticore (D:13)
  2 human zombies (Vaults:4)
  13 salamanders
  A sphinx skeleton (Vaults:4)
  A frost giant zombie (Depths:4)
  An orb spider (shapeshifter) (Vaults:2)
  3 hornets
  A manticore (shapeshifter) (Depths:5)
  A hornet (shapeshifter) (Zig:3)
  84 slime creatures
  Maurice (Orc:2)
  10 large abominations
  An iron dragon skeleton (Depths:4)
  9 guardian serpents
  4 molten gargoyles (D:14)
  A water nymph (shapeshifter) (Vaults:2)
  3 ice statues
  9 elephants
  A fire giant skeleton (Depths:4)
  12 vault sentinels
  45 black mambas
  An orange demon (Depths:3)
  A torpor snail (Lair:6)
  15 naga magi
  2 spiny frogs (shapeshifter)
  23 spiny frogs
  A torpor snail (shapeshifter) (Elf:2)
  A hellion (Depths:3)
  5 spectral swamp worms (Depths:5)
  45 yaktaurs
  A rime drake (shapeshifter) (Vaults:1)
  3 yaktaur zombies (Vaults:4)
  A demonic crawler (Depths:1)
  2 kobold demonologists
  3 rime drakes
  6 komodo dragons
  A swamp worm zombie (Swamp:1)
  A spark wasp simulacrum (Depths:4)
  7 freezing wraiths
  A hellwing (Depths:3)
  A human skeleton (Vaults:4)
  7 tengu conjurers
  2 jumping spiders (shapeshifter)
  11 trolls
  A tengu simulacrum (Depths:4)
  3 polar bears
  2 tyrant leeches
  26 two-headed ogres
  A hornet zombie (Swamp:1)
  A raiju (shapeshifter) (Depths:2)
  2 two-headed ogres (shapeshifter)
  12 blink frogs
  7 bog bodies
  A hippogriff (shapeshifter) (Depths:3)
  8 dream sheep (Lair:6)
  Grinder (D:3)
  2 iron dragon simulacra
  11 hippogriffs
  Sigmund (D:3)
  A redback (shapeshifter) (Zig:3)
  4 water elementals
  An ettin skeleton (Vaults:4)
  A vampire (D:12)
  A redback (Vaults:3)
  A spriggan (shapeshifter) (D:13)
  9 air elementals
  A tarantella (Vaults:3)
  4 wyverns
  2 shadows
  8 spriggans
  8 fire elementals
  8 wraiths
  A yak (shapeshifter) (D:13)
  3 basilisks
  2 fire bats (Volcano)
  30 yaks
  26 humans
  8 golden eyes (Slime:3)
  A hog (Volcano)
  5 hungry ghosts
  17 vampire mosquitoes
  A naga (shapeshifter) (Depths:2)
  21 swamp worms
  11 insubstantial wisps
  A mottled dragon (D:12)
  2 soldier ants (D:13)
  9 wargs
  A deep troll zombie (Vaults:4)
  11 hell hounds
  9 hydra simulacra
  42 nagas
  13 water moccasins
  2 floating eyes
  A porcupine (shapeshifter) (Vaults:4)
  7 porcupines
  19 ice beasts
  2 phantoms
  4 eyes of draining
  40 orc warriors
  A swamp dragon zombie (Swamp:1)
  10 swamp drakes
  9 sky beasts
  3 boggarts (Depths:1)
  14 wasps
  30 wolves
  61 ogres
  6 small abominations
  18 centaurs
  9 crocodiles
  An elf simulacrum (Depths:4)
  3 big kobolds
  11 bullfrogs
  A wyvern zombie (D:13)
  A komodo dragon zombie (Swamp:1)
  An earth elemental (Elf:3)
  2 wyvern skeletons
  A water moccasin zombie (D:10)
  6 scorpions
  15 wights
  14 killer bees
  An electric eel (Lair:6)
  11 crimson imps
  3 howler monkeys
  A wasp zombie (D:6)
  2 human simulacra
  2 jellies
  A lava snake (D:14)
  2 quasits (D:7)
  5 centaur zombies
  4 hounds
  5 bullfrog skeletons
  22 orc priests
  8 centaur skeletons
  10 iguanas
  11 worker ants
  18 orc wizards
  A killer bee zombie (D:8)
  A hound zombie (D:6)
  2 hound skeletons
  A worker ant zombie (D:5)
  11 gnolls
  9 adders
  16 river rats
  2 swamp drake zombies (Swamp:1)
  A shadow imp (D:15)
  12 white imps (Lair:1)
  An ooze (D:1)
  A worm (D:2)
  2 dart slugs
  5 leopard geckos
  127 orcs
  9 bats
  7 giant cockroaches
  6 goblins
  10 hobgoblins
  15 jackals
  31 kobolds
  2 quokkas
  2 ball pythons
  2 frilled lizards
  3 leopard gecko skeletons
  8 rats
  A briar patch (Swamp:2)
  A crawling corpse (Elf:3)
  A fungus (Lair:3)
2203 creatures vanquished.

Vanquished Creatures (others)
  Jorgrun (Swamp:4)
  A rakshasa (Vaults:3)
  An alligator (Swamp:2)
  A naga mage (Snake:4)
  2 two-headed ogres (Volcano)
  A water elemental (Depths:3)
  A vampire mosquito (Swamp:3)
  An orc warrior (Vaults:2)
  A hell rat (Depths:1)
  3 orcs
  25 fungi
  9 plants
47 creatures vanquished.

Grand Total: 2250 creatures vanquished

Notes
Turn   | Place    | Note
-------+----------+-------------------------------------------
     0 | D:1      | epen the Formicid Monk began the quest for the Orb.
     0 | D:1      | Reached XP level 1. HP: 18/18 MP: 1/1
   233 | D:1      | Reached XP level 2. HP: 24/24 MP: 2/2
   749 | D:1      | Reached skill level 1 in Armour
   749 | D:1      | Reached XP level 3. HP: 14/30 MP: 3/3
  1305 | D:2      | Reached XP level 4. HP: 27/37 MP: 4/4
  1839 | D:3      | Noticed Grinder
  2088 | D:3      | Reached XP level 5. HP: 38/42 MP: 5/5
  2113 | D:3      | Noticed Sigmund
  2449 | D:3      | Killed Sigmund
  2449 | D:3      | Reached skill level 4 in Polearms
  2449 | D:3      | Reached XP level 6. HP: 37/49 MP: 6/6
  2703 | D:3      | Killed Grinder
  2703 | D:3      | Reached skill level 5 in Polearms
  2703 | D:3      | Reached XP level 7. HP: 49/55 MP: 7/7
  3329 | D:4      | Found a basalt altar of Yredelemnul.
  3332 | D:4      | Found a snail-covered altar of Cheibriados.
  3400 | D:4      | Found an iron altar of Okawaru.
  3403 | D:4      | Found a burning altar of Makhleb.
  3411 | D:4      | Became a worshipper of Warmaster Okawaru
  3411 | D:4      | Reached * piety under Okawaru
  3411 | D:4      | Reached ** piety under Okawaru
  3461 | D:4      | Reached XP level 8. HP: 61/61 MP: 8/8
  3486 | D:4      | Reached skill level 5 in Fighting
  3486 | D:4      | Reached skill level 5 in Armour
  3865 | D:4      | Found a radiant altar of Vehumet.
  4051 | D:5      | Entered Level 5 of the Dungeon
  4147 | D:5      | Found an opulent altar of Gozag.
  4231 | D:5      | dobroe utrp
  4242 | D:5      | Reached skill level 1 in Invocations
  4438 | D:5      | Reached skill level 6 in Polearms
  4849 | D:6      | Gained mutation: You have large cloven feet. [potion of mutation]
  4849 | D:6      | Gained mutation: Your spells are a little easier to cast, but a little less powerful. [potion of mutation]
  4849 | D:6      | Gained mutation: You are partially covered in thin metallic scales. (AC +2) [potion of mutation]
  4902 | D:6      | Reached *** piety under Okawaru
  4940 | D:6      | Found a glowing drain.
  4968 | Sewer    | Entered a sewer
  5078 | Sewer    | Gained mutation: You have a somewhat thin skeletal structure. (Dex +2, Stealth) [potion of mutation]
  5078 | Sewer    | Gained mutation: You occasionally shout uncontrollably at your foes. [potion of mutation]
  5078 | Sewer    | Gained mutation: You are agile. (Dex +2) [potion of mutation]
  5147 | Sewer    | Reached XP level 9. HP: 7/68 MP: 11/11
  5148 | Sewer    | HA
  5148 | Sewer    | lmao
  5332 | D:6      | Found a staircase to the Ecumenical Temple.
  5514 | D:6      | Reached skill level 5 in Dodging
  5514 | D:6      | Reached skill level 1 in Shields
  5716 | D:6      | Reached skill level 7 in Polearms
  5803 | D:6      | Reached skill level 5 in Invocations
  6395 | D:7      | Reached **** piety under Okawaru
  6443 | D:7      | Reached XP level 10. HP: 76/76 MP: 14/14
  6772 | D:7      | Found a runed door.
  6772 | D:7      | Noticed a sixfirhy
  6954 | D:7      | Reached skill level 8 in Polearms
  7429 | D:8      | Noticed Erica
  7464 | D:8      | Killed Erica
  7620 | D:8      | net
  7620 | D:8      | Found a stormy altar of Qazlal.
  7664 | D:8      | Identified the Collected Works on Conjuration and Companions
  7703 | D:8      | You fall through a shaft!
  7798 | D:9      | Reached ***** piety under Okawaru
  8273 | D:8      | Found a roughly hewn altar of Beogh.
  8447 | D:8      | jak ti twink
  8447 | D:8      | :D :D :D
  8447 | D:8      | D: D: D:
  8547 | D:9      | Reached XP level 11. HP: 83/83 MP: 16/16
  8576 | D:9      | Received a gift from Okawaru
  8576 | D:9      | Reached skill level 9 in Polearms
  8740 | D:9      | Found a staircase to the Lair.
  8781 | D:9      | Found a shattered altar of Ashenzari.
  9156 | D:10     | Entered Level 10 of the Dungeon
  9181 | D:10     | Reached skill level 5 in Shields
  9377 | D:10     | Noticed a hill giant
  9402 | D:10     | Killed a hill giant
  9516 | D:10     | Found Geocs's Assorted Antiques.
  9522 | D:10     | Bought 3 sapphire potions for 72 gold pieces
  9522 | D:10     | Bought a potion of heal wounds for 135 gold pieces
  9602 | D:10     | Found a staircase to the Orcish Mines.
  9633 | D:10     | Found a roughly hewn altar of Beogh.
  9709 | D:10     | Noticed an orange crystal statue
  9709 | D:10     | Noticed an obsidian statue
  9833 | D:10     | Noticed a hill giant
  9848 | D:10     | Killed a hill giant
 10268 | Lair:1   | Entered Level 1 of the Lair of Beasts
 10300 | Lair:1   | Found a frozen archway.
 10350 | IceCv    | Entered an ice cave
 10397 | IceCv    | Received a gift from Okawaru
 10561 | IceCv    | Reached skill level 10 in Polearms
 10561 | IceCv    | Reached XP level 12. HP: 85/92 MP: 19/19
 10818 | IceCv    | Noticed an ice dragon
 10819 | IceCv    | Noticed an ice dragon
 10847 | IceCv    | Killed an ice dragon
 10847 | IceCv    | Reached skill level 10 in Invocations
 10887 | IceCv    | Killed an ice dragon
 11018 | IceCv    | Got a pitted jade ring
 11020 | IceCv    | Identified the ring "Xion" {MR- MP+9 Int+5} (You found it in an ice cave)
 11432 | Lair:1   | Noticed Nergalle
 11472 | Lair:1   | Reached ****** piety under Okawaru
 11488 | Lair:1   | Killed Nergalle
 12439 | Lair:2   | Noticed a six-headed hydra
 12469 | Lair:2   | Killed a 15-headed hydra
 12469 | Lair:2   | Received a gift from Okawaru
 12469 | Lair:2   | Reached skill level 11 in Polearms
 12566 | Lair:2   | Found a staircase to the Snake Pit.
 12871 | Lair:2   | Reached XP level 13. HP: 70/100 MP: 21/21
 14309 | Lair:3   | Found a dark tunnel.
 14336 | Volcano  | Entered a volcano
 14447 | Volcano  | Received a gift from Okawaru
 14452 | Volcano  | Got a scorched great sword {god gift}
 14456 | Volcano  | Identified the +9 great sword of Gaezufor {flame, rElec} (Okawaru gifted it to you in a volcano)
 14807 | Lair:3   | Found a staircase to the Swamp.
 15415 | Lair:3   | hi
 15415 | Lair:3   | i am pepen
 15415 | Lair:3   | o,o
 15672 | Lair:4   | Noticed a catoblepas
 15700 | Lair:4   | You fall through a shaft for 2 floors!
 15700 | Lair:6   | Entered Level 6 of the Lair of Beasts
 15799 | Lair:6   | Reached skill level 12 in Polearms
 15935 | Lair:6   | Found a staircase to the Slime Pits.
 15935 | Lair:6   | Found a viscous altar of Jiyva.
 15962 | Lair:6   | Received a gift from Okawaru
 16304 | Lair:6   | Noticed a catoblepas
 16358 | Lair:6   | Reached XP level 14. HP: 101/109 MP: 23/23
 16584 | Lair:6   | Reached skill level 10 in Fighting
 16623 | Lair:6   | Noticed a dire elephant
 16641 | Lair:6   | Killed a dire elephant
 16641 | Lair:6   | Reached skill level 10 in Armour
 17056 | Lair:6   | Got a slimy iron ring
 17470 | Lair:6   | Identified the ring of Datoni {Wiz rC+ Dex+2} (You found it on level 6 of the Lair of Beasts)
 17979 | Lair:5   | Reached skill level 13 in Polearms
 19177 | Lair:4   | hi
 19177 | Lair:4   | i am pepen
 19177 | Lair:4   | death jak comes into view
 19231 | Lair:4   | Reached skill level 10 in Shields
 19259 | Lair:4   | Received a gift from Okawaru
 19359 | Lair:4   | Reached XP level 15. HP: 117/117 MP: 24/24
 19387 | Lair:4   | Got a polished morningstar
 19388 | Lair:4   | Identified the +4 morningstar of Articulation {venom, rElec rC- MR+++ Str-2} (You found it on level 4 of the Lair of Beasts)
 21153 | Orc:1    | Entered Level 1 of the Orcish Mines
 21351 | Orc:1    | Noticed Josephine
 21412 | Orc:1    | Killed Josephine
 21412 | Orc:1    | Received a gift from Okawaru
 21835 | Orc:2    | Entered Level 2 of the Orcish Mines
 22184 | Orc:2    | Found a staircase to the Elven Halls.
 22502 | Orc:2    | Noticed Maurice
 22518 | Orc:2    | Killed Maurice
 22518 | Orc:2    | Reached skill level 14 in Polearms
 22633 | Orc:2    | Found Mijyg's Antique Weapon Shoppe.
 22633 | Orc:2    | Found Ylobruad's Weapon Boutique.
 22635 | Orc:2    | Found Dicaic's Magic Scroll Shoppe.
 22635 | Orc:2    | Found Zeni's Distillery.
 22640 | Orc:2    | wepon pls
 22641 | Orc:2    | suck
 22643 | Orc:2    | Bought a scroll of identify for 32 gold pieces
 22644 | Orc:2    | Bought 2 potions of heal wounds for 140 gold pieces
 22644 | Orc:2    | Bought a potion of curing for 42 gold pieces
 22644 | Orc:2    | Bought a potion of heal wounds for 70 gold pieces
 22644 | Orc:2    | Bought a potion of curing for 42 gold pieces
 22644 | Orc:2    | Bought a potion of curing for 42 gold pieces
 22980 | Orc:2    | Found Fapsac's General Store.
 23003 | Orc:2    | Bought a potion of curing for 33 gold pieces
 23059 | Orc:2    | thx obama
 23634 | D:12     | Reached skill level 1 in Evocations
 23858 | D:12     | Reached XP level 16. HP: 84/126 MP: 26/26
 24361 | D:13     | aquremoon pls
 24366 | D:13     | Identified a scroll of acquirement
 24483 | D:13     | HP: 1/126 [deep elf mage/bolt of lightning (31)]
 24946 | D:13     | Reached skill level 10 in Dodging
 24954 | D:13     | Received a gift from Okawaru
 25316 | D:14     | Found Loumegil's Weapon Boutique.
 25316 | D:14     | Found Bikk's Magic Scroll Emporium.
 25323 | D:14     | Bought 3 scrolls of magic mapping for 147 gold pieces
 25323 | D:14     | Bought a scroll of identify for 28 gold pieces
 25323 | D:14     | Bought a scroll of identify for 28 gold pieces
 25323 | D:14     | Bought a scroll of identify for 28 gold pieces
 25323 | D:14     | Bought a scroll of enchant weapon for 105 gold pieces
 25380 | D:14     | Found Saco's Antique Weapon Boutique.
 25490 | D:14     | Found Zujor's General Store.
 25568 | D:14     | Got a pair of shimmering gloves
 25579 | D:14     | Identified the +2 pair of gloves "Yrphairr" {rF- MP+9 Stlth+} (You acquired it on level 14 of the Dungeon)
 25679 | D:14     | Found Hirrav's Antique Armour Boutique.
 25951 | D:14     | Found a gate to the Vaults.
 26086 | D:15     | Entered Level 15 of the Dungeon
 26086 | D:15     | Found a labyrinth entrance.
 26094 | Lab      | Entered a labyrinth
 26706 | Lab      | Identified Naduxon's Incunabulum of Conjuration
 26707 | Lab      | Got a bound bone amulet
 26707 | Lab      | Got a glittering ruby amulet
 26716 | Lab      | Identified the amulet "Oduho" {Harm *Drain MP+9 Int-2 Dex+4} (You found it in a labyrinth)
 26718 | Lab      | Identified the amulet of Ilaeph {Reflect +Fly Int+7 Dex-4 SH+3} (You found it in a labyrinth)
 26872 | D:14     | Reached skill level 5 in Evocations
 26913 | D:15     | Noticed Rupert
 26926 | D:15     | Killed Rupert
 27079 | D:15     | Received a gift from Okawaru
 27181 | D:15     | Noticed kae's ghost (journeyman SpEn)
 27196 | D:15     | Noticed a fire giant
 27198 | D:15     | Killed kae's ghost
 27440 | D:15     | Found a staircase to the Depths.
 27467 | D:15     | Killed a fire giant
 27467 | D:15     | Reached XP level 17. HP: 52/133 MP: 27/27
 27712 | D:15     | Reached skill level 15 in Polearms
 28187 | Snake:1  | Entered Level 1 of the Snake Pit
 28412 | Snake:1  | Noticed Nikola
 28430 | Snake:1  | Killed Nikola
 28856 | Snake:1  | Found Zygeblui's General Store.
 28866 | Snake:1  | YEAH
 28866 | Snake:1  | TORMENTO
 29458 | Snake:2  | Noticed Azrael
 29479 | Snake:2  | Killed Azrael
 29547 | Snake:2  | Noticed Louise
 29565 | Snake:2  | Killed Louise
 30463 | Snake:3  | Noticed Aizul
 30492 | Snake:3  | Killed Aizul
 30492 | Snake:3  | Received a gift from Okawaru
 30517 | Snake:3  | Got an ancient shield {god gift}
 30519 | Snake:3  | Identified the +4 shield of Weightlessness {rPois rN+} (Okawaru gifted it to you on level 3 of the Snake Pit)
 30829 | Snake:3  | Found Ycvatoh's Jewellery Boutique.
 30830 | Snake:3  | Found Reihur's Gadget Shoppe.
 30831 | Snake:3  | Found Icso's Jewellery Boutique.
 30841 | Snake:3  | Bought the ring "Gyas" {+Fly rElec rF+ Int+2 Stlth+} for 668 gold pieces
 31030 | Snake:3  | Reached XP level 18. HP: 66/142 MP: 29/29
 31666 | Snake:4  | Entered Level 4 of the Snake Pit
 31711 | Snake:4  | Found a radiant altar of Vehumet.
 31770 | Snake:4  | Found Fillucwu's Antique Armour Shoppe.
 31774 | Snake:4  | Found Heixt's Distillery.
 31775 | Snake:4  | Found Hazutokk's Magic Scroll Shoppe.
 31784 | Snake:4  | Reached skill level 15 in Invocations
 31787 | Snake:4  | Bought a potion of heal wounds for 80 gold pieces
 31787 | Snake:4  | Bought a potion of curing for 48 gold pieces
 31787 | Snake:4  | Bought a potion of agility for 64 gold pieces
 31787 | Snake:4  | Bought a potion of agility for 64 gold pieces
 31787 | Snake:4  | Bought a potion of cancellation for 128 gold pieces
 31797 | Snake:4  | Bought a scroll of identify for 32 gold pieces
 31797 | Snake:4  | Bought a scroll of fog for 32 gold pieces
 31797 | Snake:4  | Bought a scroll of magic mapping for 56 gold pieces
 31797 | Snake:4  | Bought a scroll of magic mapping for 56 gold pieces
 32195 | Snake:4  | Received a gift from Okawaru
 32335 | Snake:4  | Got a scorched chain mail {god gift}
 32351 | Snake:4  | Identified the +8 chain mail of the Heavens {Regen+ Str+2 Int-5} (Okawaru gifted it to you on level 4 of the Snake Pit)
 32822 | Snake:4  | Reached skill level 16 in Polearms
 33223 | Snake:4  | Reached XP level 19. HP: 81/149 MP: 30/30
 33244 | Snake:4  | Received a gift from Okawaru
 33244 | Snake:4  | Reached skill level 10 in Evocations
 33254 | Snake:4  | Got a pair of smoking gloves {god gift}
 33346 | Snake:4  | Identified the +1 pair of gloves "Ebock" {rCorr Int+5} (Okawaru gifted it to you on level 4 of the Snake Pit)
 33817 | Snake:4  | hi
 33817 | Snake:4  | i am pepen
 33818 | Snake:4  | Got a serpentine rune of Zot
 34149 | Vaults:1 | Entered Level 1 of the Vaults
 34642 | Vaults:1 | hi mark
 35871 | Vaults:2 | Received a gift from Okawaru
 36342 | Vaults:2 | Reached skill level 17 in Polearms
 36443 | Vaults:2 | Reached XP level 20. HP: 158/158 MP: 32/32
 36888 | Vaults:2 | Found a staircase to the Crypt.
 37332 | Vaults:4 | Received a gift from Okawaru
 38563 | Vaults:3 | Found Mazapred's Assorted Antiques.
 38878 | Vaults:3 | Reached XP level 21. HP: 145/166 MP: 33/33
 39128 | Vaults:4 | Received a gift from Okawaru
 39513 | Vaults:4 | Reached skill level 18 in Polearms
 40223 | Swamp:1  | Entered Level 1 of the Swamp
 41764 | Swamp:3  | Reached skill level 15 in Fighting
 41810 | Swamp:3  | Noticed Bai Suzhen
 41847 | Swamp:3  | Killed Bai Suzhen
 41847 | Swamp:3  | Received a gift from Okawaru
 41847 | Swamp:3  | Reached skill level 15 in Shields
 41853 | Swamp:3  | Got a heavily runed ring mail {god gift}
 41858 | Swamp:3  | Identified the +3 ring mail "Kyowkomn" {Stlth+} (Okawaru gifted it to you on level 3 of the Swamp)
 41933 | Swamp:3  | Noticed Mara
 41948 | Swamp:3  | Noticed epen's illusion
 41966 | Swamp:3  | You fall through a shaft!
 41966 | Swamp:4  | Entered Level 4 of the Swamp
 42284 | Swamp:3  | Noticed epen's illusion
 42400 | Swamp:3  | Noticed epen's illusion
 42532 | Swamp:3  | Killed Mara
 42532 | Swamp:3  | Reached skill level 15 in Armour
 42884 | Swamp:4  | Reached XP level 22. HP: 139/175 MP: 34/34
 42897 | Swamp:4  | Noticed Jorgrun
 42908 | Swamp:4  | Killed Jorgrun
 43201 | Swamp:4  | Noticed the 27-headed Lernaean hydra
 43215 | Swamp:4  | Killed the 27-headed Lernaean hydra
 43523 | Swamp:4  | Got a decaying rune of Zot
 43952 | Depths:1 | Entered Level 1 of the Depths
 43979 | Depths:1 | Found a shattered altar of Ashenzari.
 44302 | Depths:1 | HP: 7/176 [deep troll earth mage (17)]
 44304 | Depths:1 | HP: 3/176 [spark wasp (4)]
 44310 | Depths:1 | You fall through a shaft!
 44442 | Depths:2 | Received a gift from Okawaru
 44507 | Depths:2 | Found a gateway to Hell.
 44866 | Depths:1 | Found a one-way gate leading to the halls of Pandemonium.
 44885 | Depths:1 | Reached skill level 19 in Polearms
 45684 | Depths:2 | Reached skill level 1 in Throwing
 46153 | Depths:2 | Received a gift from Okawaru
 46314 | Depths:2 | Reached XP level 23. HP: 179/183 MP: 35/35
 46407 | Depths:2 | Noticed a caustic shrike
 46422 | Depths:2 | Noticed a caustic shrike
 46428 | Depths:2 | Noticed a caustic shrike
 46429 | Depths:2 | Killed a caustic shrike
 46432 | Depths:2 | Killed a caustic shrike
 46433 | Depths:2 | Noticed a caustic shrike
 46437 | Depths:2 | Noticed a caustic shrike
 46441 | Depths:2 | Killed a caustic shrike
 46446 | Depths:2 | Killed a caustic shrike
 46455 | Depths:2 | Killed a caustic shrike
 46455 | Depths:2 | Received a gift from Okawaru
 46477 | Depths:2 | Received a gift from Okawaru
 46889 | Depths:2 | Received a gift from Okawaru
 46916 | Depths:2 | Noticed a juggernaut
 46931 | Depths:2 | Killed a juggernaut
 46931 | Depths:2 | Received a gift from Okawaru
 46934 | Depths:2 | Noticed a golden dragon
 46945 | Depths:2 | Killed a golden dragon
 47465 | Depths:3 | Reached XP level 24. HP: 189/191 MP: 36/36
 47563 | Depths:2 | Received a gift from Okawaru
 47577 | Depths:2 | Got a pair of polished gloves {god gift}
 47584 | Depths:2 | Identified the -5 pair of gloves of the Pit {+Fly} (Okawaru gifted it to you on level 2 of the Depths)
 47614 | Depths:3 | Reached skill level 5 in Throwing
 47776 | Depths:3 | Reached skill level 20 in Polearms
 48500 | Depths:3 | Noticed a juggernaut
 48515 | Depths:3 | Killed a juggernaut
 49131 | Depths:3 | Received a gift from Okawaru
 49752 | Depths:4 | Reached XP level 25. HP: 176/200 MP: 36/36
 49778 | Depths:4 | Received a gift from Okawaru
 49907 | Depths:4 | Found a one-way gate to the infinite horrors of the Abyss.
 49981 | Depths:4 | Noticed a caustic shrike
 49991 | Depths:4 | Killed a caustic shrike
 50275 | Depths:4 | Received a gift from Okawaru
 50481 | Depths:4 | Noticed a juggernaut
 50518 | Depths:4 | Killed a juggernaut
 50725 | Depths:4 | Got a slimy demon blade
 50726 | Depths:4 | Identified the +6 demon blade of Sudden Death {elec, +Blink rF+++ rN+ Int-2} (You found it on level 4 of the Depths)
 50971 | Depths:4 | Reached skill level 21 in Polearms
 51251 | Depths:5 | Entered Level 5 of the Depths
 51543 | Depths:5 | Found a gateway to a ziggurat.
 51703 | Depths:5 | Noticed Boris
 51726 | Depths:5 | Killed Boris
 51751 | Depths:5 | Received a gift from Okawaru
 51757 | Depths:5 | Reached XP level 26. HP: 180/208 MP: 34/36
 52143 | Depths:5 | Received a gift from Okawaru
 52201 | Depths:5 | Found a gate to the Realm of Zot.
 52550 | Zig:1    | Entered Level 1 of a ziggurat
 52582 | Zig:2    | Entered Level 2 of a ziggurat
 52583 | Zig:2    | Noticed a Killer Klown
 52605 | Zig:2    | Killed a Killer Klown
 52605 | Zig:2    | Reached skill level 15 in Dodging
 52621 | Zig:3    | Entered Level 3 of a ziggurat
 52643 | Zig:3    | Reached XP level 27. HP: 215/215 MP: 36/36
 52650 | Zig:4    | Entered Level 4 of a ziggurat
 52739 | Zig:5    | Entered Level 5 of a ziggurat
 52855 | Zig:5    | Got a slimy arbalest
 52856 | Zig:5    | Identified the +1 arbalest "Ytsyf" {elec, Str+4 Int+4 Dex+3} (You found it on level 5 of a ziggurat)
 52984 | Depths:1 | Received a gift from Okawaru
 53229 | Elf:1    | Entered Level 1 of the Elven Halls
 53286 | Elf:1    | Found a radiant altar of Vehumet.
 53400 | Elf:1    | Received a gift from Okawaru
 53620 | Elf:1    | Got a brightly glowing jade ring
 53621 | Elf:1    | Identified the ring "Fiqeargh" {-Tele rPois SInv Stlth+} (You acquired it on level 1 of the Elven Halls)
 54482 | Elf:2    | Found a runed door.
 54692 | Elf:2    | Found a runed door.
 54877 | Elf:3    | Entered Level 3 of the Elven Halls
 55049 | Elf:3    | Noticed Asterion
 55064 | Elf:3    | Killed Asterion
 55261 | Elf:3    | Found Gafy's Gadget Shop.
 55649 | Elf:3    | Noticed Saint Roka
 55661 | Elf:3    | Killed Saint Roka
 55701 | Elf:3    | Received a gift from Okawaru
 55710 | Elf:3    | Reached skill level 22 in Polearms
 55795 | Elf:3    | Received a gift from Okawaru
 56021 | Elf:3    | Identified the Disquisition on Self-Improvement and Intoxication
 56127 | Elf:3    | Received a gift from Okawaru
 56182 | Elf:3    | Got a jewelled large shield
 56184 | Elf:3    | Identified the cursed +0 large shield of Philately {rF+} (You found it on level 3 of the Elven Halls)
 56616 | Slime:1  | Entered Level 1 of the Pits of Slime
 56633 | Slime:1  | Gained mutation: Your magical capacity is low. (-10% MP) [a shining eye]
 56634 | Slime:1  | Gained mutation: You are resistant to hostile enchantments. (MR+) [a shining eye]
 56871 | Slime:5  | Entered Level 5 of the Pits of Slime
 57163 | Slime:5  | Noticed the Royal Jelly
 57759 | Slime:5  | Killed the Royal Jelly
 57759 | Slime:5  | Received a gift from Okawaru
 57785 | Slime:4  | HP: 4/219 [acid blob[the Royal Jelly] (23)]
 57785 | Slime:4  | HP: 1/219 [acid[the Royal Jelly] (3)]
 57791 | Slime:4  | HP: 8/219 [acid[the Royal Jelly] (6)]
 57791 | Slime:4  | HP: 2/219 [acid blob/splash of acid[the Royal Jelly] (6)]
 57791 | Slime:4  | Splashed by an acid blob's acid

Vault maps used:
D:1:      elethiomel_arrival_shortcut, minmay_split_cup_small
D:2:      first_bread
D:3:      minmay_misc_feat_five, minmay_surrounded, uniq_grinder, uniq_sigmund
D:4:      wad_pebble_path, vehumet_altar_wand_db,
          grunt_temple_overflow_cloverleaf, minivault_25, roderic_roman_lattice
D:5:      grunt_gozag_statues
D:6:      gup_sewer_entry_glass, st_stairs_1
D:7:      cheibrodos_shockbox, minmay_ruffians
D:8:      grunt_qazlal_sundering, special_room, minmay_misc_feat_doors,
          uniq_erica
D:9:      kennysheep_little_box, lair_0_dummy
D:10:     minmay_orc_entry_temple_small, serial_shops, shop_fountains,
          grunt_ogre_cave, david_greed
D:13:     minmay_bent
D:14:     grunt_vaults_entry_tiered, kennysheep_doodads, serial_shops,
          nicolae_shop_stone, shop, nicolae_shop_temple_entry_statues_fountains,
          nicolae_shop_waterfront, shop_fountains, minivault_8
D:15:     grunt_enter_depths_giant_problem, lab_entry_generic,
          grunt_decor_clamped, uniq_rupert
Lair:1:   portal_ice_cave_entry_imps, uniq_nergalle
Lair:2:   minmay_snake_entry_guardpost_small, grunt_forest_small_clearings
Lair:3:   swamp_mist, nicolae_volcano_entry_vermiform, grunt_megastairs_3,
          infiniplex_staircase_pool
Lair:5:   grunt_megastairs_4
Lair:6:   grunt_lair_end_beastmaster, slime_altar_1
Swamp:1:  evilmike_swamp_ruin_house_5, swamp_pool4,
          nicolae_swamp_necromancer_hut
Swamp:2:  evilmike_swamp_ruin_house_2
Swamp:3:  nicolae_swamp_stair_fork, uniq_mara, uniq_bai_suzhen
Swamp:4:  swamp_old_school, infiniplex_staircase_pool_2, uniq_jorgrun
Snake:1:  serial_shops, shop, serial_bayou_shore_b, uniq_nikola
Snake:2:  st_stairs_4, serial_bayou_shore_a, uniq_azrael, uniq_louise
Snake:3:  serial_bayou_pond_a, minmay_shop_grove, uniq_aizul
Snake:4:  snake_pit_salamanders_mu, basic_altar, minmay_shop_star
Orc:1:    uniq_josephine
Orc:2:    grunt_orc_tribal_feast, serial_shops, nicolae_shop_waterfront,
          uniq_maurice
Elf:1:    eino_elf_arrival_altar, minivault_28, corexii_checkpoint_a
Elf:2:    serial_sigils, serial_sigils_hangedman_stare,
          serial_sigils_hangedman_scratch, serial_sigils_hangedman_snap,
          serial_sigils_hangedman_quiver, serial_sigils_hangedman_shear
Elf:3:    minmay_elf_hall, serial_shops, shop_statue,
          serial_sigils_hangedman_clutch, uniq_saint_roka, uniq_asterion
Vaults:1: vaults_room_glass_cross, ontoclasm_vaults_eye, v_misc_3,
          nicolae_vaults_little_squares_6, ontoclasm_vaults_twist,
          grunt_vaults_diagonal, vaults_dpeg_doors, vaults_room_grid,
          vaults_room_corners, hangedman_vaults_capsules
Vaults:2: minmay_crypt_entry_simple_sparse, v_alt_pattern_2,
          nicolae_vaults_puzzle_piece, nicolae_vaults_network_s,
          ontoclasm_vaults_gateway, nicolae_vaults_little_squares_3,
          nicolae_vaults_meeting, nicolae_vaults_angled_halls,
          nicolae_vaults_asterisk, grunt_vaults_hallway_long,
          ontoclasm_vaults_spin, nicolae_vaults_little_squares_4,
          nicolae_vaults_theta
Vaults:3: st_smaller_cells, v_rooms_1, v_alt_pattern_3, serial_ice_b,
          nicolae_vaults_theta, hangedman_vaults_slice, v_misc_2,
          v_alt_pattern_6, hangedman_vaults_maws, serial_shops,
          nicolae_shop_stone
Vaults:4: v_misc_26, nicolae_vaults_network_barrier, vaults_room_ringed_pool,
          v_misc_18, nicolae_vaults_little_squares_1,
          nicolae_vaults_little_squares_3, nicolae_vaults_gold_heap,
          vaults_mumra_minichess
Depths:1: grunt_hell_horde, fountainhead, pan_entry, evilmike_ruin_ashenzari
Depths:2: grunt_runaround, hell_entry
Depths:3: cheibrodos_hall_of_evolution, minmay_misc_feat_pillars,
          rand_demon_pan_entry_3, hell_entry, st_stairs_8,
          infiniplex_staircase_zigzag_1
Depths:4: minmay_three_patterns, minmay_room_of_horrors, hell_entry,
          minmay_gold_behind_fungi, hangedman_decor_cross_pass
Depths:5: grunt_zot_entry_hairpin, enter_ziggurat_e, grunt_decor_fettered,
          pf_hell_entry_tar_river, uniq_boris
Lab:      nicolae_lab_big_swirl, nicolae_lab_starburst, nicolae_lab_dead_end
Sewer:    sewer_the_crocodile
IceCv:    ice_cave_small_dragons
Volcano:  volcano_village

Skill      XL: |  1  2  3  4  5  6  7  8  9 10 11 12 13 14 15 16 17 18 19 20 21 22 23 24 25 26 27 |
---------------+----------------------------------------------------------------------------------+-----
Dodging        | 3 4 5 6 7 8 9 10 11 12 13 14 15 16 | 16.0
Armour         | 1 2 3 4 5 6 7 8 9 10 11 12 13 14 15 16 17 18 | 18.6
Fighting       | 4 5 6 8 9 10 11 12 13 14 15 16 17 18 | 18.5
Polearms       | 4 5 6 7 8 10 11 12 13 14 15 16 17 18 19 20 21 22 | 22.4
Invocations    | 3 5 7 9 11 12 13 14 15 16 17 18 19 20 | 20.5
Stealth        | 3 |  3.3
Shields        | 2 4 5 7 8 10 11 12 13 14 15 16 17 18 | 18.8
Evocations     | 1 5 8 9 10 | 10.3
Throwing       | 1 4 6 8 9 |  9.8

Action                   |  1- 3 |  4- 6 |  7- 9 | 10-12 | 13-15 | 16-18 | 19-21 | 22-24 | 25-27 || total
-------------------------+-------+-------+-------+-------+-------+-------+-------+-------+-------++-------
Melee: Spear             |   141 |   125 |       |    13 |    40 |       |       |       |       ||   319
       Scythe            |       |    16 |       |       |       |       |       |       |       ||    16
       Halberd           |       |     7 |   449 |   671 |       |       |       |       |       ||  1127
       Punch             |       |       |     1 |       |       |       |       |       |       ||     1
       Lajatang          |       |       |       |   274 |   523 |       |       |       |       ||   797
       Glaive            |       |       |       |       |   964 |       |       |       |       ||   964
       Trident           |       |       |       |       |   335 |   259 |   301 |   110 |       ||  1005
       Bardiche          |       |       |       |       |   189 |  1273 |  1614 |  1502 |  1644 ||  6222
       Morningstar       |       |       |       |       |     8 |       |       |       |       ||     8
Throw: Throwing net      |       |       |       |       |       |     1 |       |     2 |       ||     3
Invok: Heroism           |       |       |     1 |    13 |    17 |     7 |     4 |     5 |     5 ||    52
       Finesse           |       |       |       |     2 |     8 |     5 |     5 |     6 |     7 ||    33
 Abil: Dig               |     2 |     1 |     2 |     9 |    10 |    12 |     2 |     6 |     8 ||    52
       Shaft Self        |       |       |       |       |     1 |       |     1 |     1 |       ||     3
  Use: Scroll            |       |     5 |    13 |     7 |     9 |    19 |     2 |     2 |    24 ||    81
       Potion            |       |       |     2 |     2 |       |     5 |    12 |    10 |     8 ||    39
 Stab: Sleeping          |       |       |     5 |     3 |       |       |     3 |     3 |       ||    14
       Distracted        |       |       |       |     3 |       |       |     3 |     4 |     2 ||    12
       Held in net/web   |       |       |       |       |       |       |       |     2 |       ||     2
       Confused          |       |       |       |       |       |       |       |     1 |       ||     1
  Eat: Chunk             |     1 |     5 |    14 |    15 |    43 |    12 |    27 |    21 |    22 ||   160
       Meat ration       |       |       |       |     1 |       |     3 |       |     1 |       ||     5
       Pizza             |       |       |       |     3 |       |     1 |     3 |     1 |       ||     8
       Beef jerky        |       |       |       |     2 |       |     1 |       |       |     1 ||     4
       Fruit             |       |       |       |     1 |       |       |     1 |       |     3 ||     5
       Royal jelly       |       |       |       |       |     1 |       |     1 |       |     1 ||     3
       Bread ration      |       |       |       |       |       |     1 |       |       |       ||     1
Armor: Chain mail        |    51 |     3 |       |   221 |   627 |   430 |   397 |   589 |    30 ||  2348
       Ring mail         |       |    43 |   139 |   145 |       |       |       |       |       ||   327
       Gold dragon armou |       |       |       |       |       |       |       |       |   609 ||   609
Dodge: Dodged            |    41 |    94 |   250 |   610 |   961 |   602 |   593 |   714 |   529 ||  4394
Block: Buckler           |       |       |       |   243 |    41 |       |       |       |       ||   284
       Shield            |       |       |       |       |  1124 |   509 |   246 |       |       ||  1879
       Large shield      |       |       |       |       |       |  1063 |  1746 |  1938 |  1873 ||  6620
